 Dungeon Crawl Stone Soup version 0.30-a0-918-g0ff054e9dc (webtiles) character file.

Game seed: 4086463396154809743

667 themarg the Caller (level 7, 0/46 HPs)
             Began as a Merfolk Summoner on Mar 20, 2023.
             Slain by a goblin
             ... wielding a +0 club
             ... led by Robin
              (2 damage)
             ... on level 4 of the Dungeon.
             The game lasted 00:17:05 (5012 turns).

themarg the Caller (Merfolk Summoner)               Turns: 5012, Time: 00:17:07

Health: 0/46       AC:  2    Str:  8    XL:     7   Next: 57%
Magic:  5/10       EV: 12    Int: 23    God:
Gold:   178        SH:  0    Dex: 14    Spells: 5/11 levels left

rFire   + . .      SeeInvis .    y - +0 spear
rCold   + . .      Faith    .    (no shield)
rNeg    . . .      Spirit   .    a - +0 robe
rPois   +          Reflect  .    (no helmet)
rElec   +          Rampage  .    (no cloak)
rCorr   +                        (no gloves)
Will    .....                    (no boots)
Stlth   ++                       (no amulet)
HPRegen 0.27/turn                B - +6 ring of intelligence
MPRegen 0.12/turn                (no ring)

@: resistant
A: (nimble swimmer 2), mertail
a: no special abilities


You were on level 4 of the Dungeon.
You visited 1 branch of the dungeon, and saw 4 of its levels.

You collected 178 gold pieces.

Inventory:

Hand Weapons
 d - a +2 dagger of venom
 y - a +0 spear (weapon)
Missiles
 f - 56 stones
 h - 4 silver javelins
 j - 10 boomerangs
 o - 13 poisoned darts (quivered)
 x - 2 boomerangs of dispersal
Armour
 a - a +0 robe (worn)
 r - the +2 robe "Futan" {Str+3 SInv}
   (You found it on level 3 of the Dungeon)

   Str:       It affects your strength (+3).
   SInv:      It lets you see invisible.
Jewellery
 B - a +6 ring of intelligence (left hand)
Wands
 A - a wand of iceblast (12)
Scrolls
 b - 2 scrolls of teleportation {unknown}
 i - 2 scrolls of identify {unknown}
 k - 2 scrolls of brand weapon {unknown}
 l - a scroll of blinking {unknown}
 t - 2 scrolls of amnesia {unknown}
 w - a scroll of fog {unknown}
 z - a scroll of immolation {unknown}
Potions
 c - a potion of berserk rage {unknown}
 e - a potion of resistance
 g - a potion of brilliance {unknown}
 m - a potion of mutation {unknown}
 n - a potion of might {unknown}
 p - a potion of heal wounds {unknown}
 q - a potion of curing
 s - a potion of degeneration {unknown}
 u - a potion of ambrosia {unknown}
 v - a potion of lignification {unknown}


   Skills:
 - Level 2.6 Dodging
 - Level 3.0 Stealth
 - Level 2.5 Spellcasting
 - Level 0.7 Hexes
 + Level 7.6 Summonings
 - Level 3.0 Air Magic


You had 5 spell levels left.
You knew the following spells:

 Your Spells              Type           Power      Damage    Failure   Level
a - Summon Small Mammal   Summ           100%       N/A       1%          1
b - Call Imp              Summ           38%        N/A       1%          2
c - Call Canine Familiar  Summ           38%        N/A       1%          3

Your spell library contained the following spells:

 Spells                   Type           Power      Damage    Failure   Level
 Summon Guardian Golem    Hex/Summ       22%        N/A       7%          3
 Swiftness                Air            16%        N/A       11%         3
 Summon Lightning Spire   Summ/Air       27%        N/A       14%         4
 Ensorcelled Hibernation  Hex/Ice        8%         N/A       16%         2
 Passwall                 Tmut/Erth      1%         N/A       19%         2
 Kindle Blastsparks       Fire/Tloc/Air  14%        2d11      24%         3
 Dazzling Flash           Conj/Hex       8%         N/A       32%         3
 Fulminant Prism          Conj/Hex       2%         3d5       71%         4
 Iskenderun's Mystic Bla  Conj/Tloc      2%         2d3       77%         4
 Silence                  Hex/Air        5%         N/A       85%         5
 Agony                    Necr           2%         N/A       98%         5
 Lee's Rapid Deconstruct  Erth           1%         3d4*      98%         5


Dungeon Overview and Level Annotations

Branches:
Dungeon (4/15)
 Temple: D:4-7

Altars:
Elyvilon
Kikubaaqudgha
Ru

Annotations:
D:4 Robin


Innate Abilities, Weirdness & Mutations

((You are very nimble when in or above water. (Stealth+, EV+, Speed+++)))
Your lower body shifts to a powerful aquatic tail in water.


Message History

The sling bullet hits your rat!
Your rat dies!
Your rat's corpse disappears in a puff of smoke!
Your hound bites the goblin.
The scorpion stings you.
You barely miss the scorpion.
The scorpion is almost dead.
* * * LOW HITPOINT WARNING * * *
You feel very sick.
Your quokka misses the scorpion.
Your hound closely misses the goblin.
Something throws the goblin at your hound!
The hobgoblin barely misses your hound.
The goblin hits your hound with a +0 dagger.
The goblin hits you but does no damage. The scorpion closely misses you.
Your quokka bites the scorpion but does no damage.
Your crimson imp blinks!
Your hound bites the goblin.
The goblin dies!
The goblin hits you with a club.
* * * LOW HITPOINT WARNING * * *
A goblin comes into view. It is wielding a +0 club.
Robin of the Strong Arm comes into view.
They are wielding a +0 dagger.
The hobgoblin hits your hound.
Your hound dies!
Your hound's corpse disappears in a puff of smoke!
It was a potion of resistance.
You feel protected.
* * * LOW HITPOINT WARNING * * *
You feel very sick. The scorpion misses you.
Your quokka closely misses the scorpion.
The goblin hits you with a +0 dagger.
* * * LOW HITPOINT WARNING * * *
Robin throws the goblin at you!
It was a potion of curing.
You feel better. The scorpion stings you!
* * * LOW HITPOINT WARNING * * *
Your quokka bites the scorpion but does no damage.
The goblin hits you with a +0 dagger.
* * * LOW HITPOINT WARNING * * *
The goblin hits you with a +0 club.
You die...

...## #..# #...# #...#
#...###g..##
#........g.###
#...........#########
#....g.g.............
##.rgg...............
#..gsg....## ######..
#..g@g...## ##.
##........# ##.
#.........### ##..
#.....5......### ###...
#..............###.....
#.....................##
.....................##
....................##
..................##


You could see a scorpion (ally target), Robin, 2 hobgoblins, 7 goblins, a
friendly crimson imp (summoned) and a friendly quokka (summoned).

Vanquished Creatures
  A water moccasin skeleton (D:3)
  2 gnolls (D:2)
  2 adders
  A white imp (D:3)
  An adder skeleton (D:3)
  A worm (D:2)
  A dart slug (D:3)
  2 orcs (D:3)
  A bat (D:1)
  2 endoplasms (D:2)
  A giant cockroach (D:1)
  4 kobolds
  2 rats
21 creatures vanquished.

Vanquished Creatures (collateral kills)
  2 black bears
  A scorpion (D:4)
  2 orc priests
  A jelly (D:4)
  A sleepcap (D:4)
  A hound zombie (D:3)
  2 gnolls (D:2)
  4 adders
  An adder skeleton (D:3)
  2 worms (D:3)
  A dart slug (D:1)
  9 orcs
  7 endoplasms
  3 giant cockroaches
  7 goblins
  6 hobgoblins
  5 jackals
  3 quokkas
  6 ball pythons
  3 frilled lizards
  2 jackal skeletons (D:3)
  8 kobolds
  7 rats
84 creatures vanquished.

Vanquished Creatures (others)
  An orc wizard (D:3)
  14 withered plants (D:3)
15 creatures vanquished.

Grand Total: 120 creatures vanquished

Notes
Turn   | Place    | Note
-------+----------+-------------------------------------------
     0 | D:1      | themarg the Merfolk Summoner began the quest for the Orb.
     0 | D:1      | Reached XP level 1. HP: 13/13 MP: 3/3
   212 | D:1      | Reached XP level 2. HP: 19/19 MP: 1/5
   215 | D:1      | Learned a level 2 spell: Call Imp
   704 | D:1      | Reached XP level 3. HP: 24/24 MP: 1/6
  1273 | D:1      | Reached skill level 5 in Summonings
  1379 | D:1      | Learned a level 3 spell: Call Canine Familiar
  1461 | D:2      | Found an ancient bone altar of Kikubaaqudgha.
  1554 | D:2      | Reached XP level 4. HP: 6/30 MP: 1/7
  1765 | D:2      | Found a faded altar of an unknown god.
  1939 | D:2      | Reached XP level 5. HP: 28/35 MP: 3/8
  2673 | D:3      | Identified the +2 robe "Futan" {Str+3 SInv}
  2685 | D:3      | Reached skill level 6 in Summonings
  2761 | D:3      | Reached skill level 1 in Air Magic
  2897 | D:3      | Reached XP level 6. HP: 41/41 MP: 3/9
  3128 | D:3      | Found a white marble altar of Elyvilon.
  3197 | D:3      | Noticed a black bear
  3206 | D:3      | Killed a black bear
  3449 | D:2      | Found an ancient bone altar of Kikubaaqudgha.
  3541 | D:2      | Found a faded altar of an unknown god.
  4117 | D:3      | Found a sacrificial altar of Ru.
  4618 | D:4      | Reached XP level 7. HP: 46/46 MP: 5/10
  4697 | D:4      | Reached skill level 7 in Summonings
  5010 | D:4      | Noticed Robin
  5011 | D:4      | HP: 1/46 [goblin/+0 dagger[Robin] (3)]
  5012 | D:4      | Slain by a goblin

Illustrated notes

Levels and vault maps discovered:
D:1:      amcnicky_arrival_choice, layout_loops_ring
D:2:      layout_basic, chequers_ecumenical_altar_island, basic_altar
D:3:      layout_basic, elyvilon_altar_5, nicolae_ru_the_path_less_chosen,
          serial_undead, serial_undead_b, serial_undead_b, serial_undead_b,
          serial_undead_f, serial_undead_a, serial_undead_c
D:4:      layout_layer_cave, minmay_manual_mares, uniq_robin

Skill      XL: |  1  2  3  4  5  6  7 |
---------------+----------------------+-----
Stealth        | 3 |  3.0
Summonings     | 5 6 7 |  7.6
Air Magic      | 1 2 3 |  3.0
Dodging        | |  2.6
Spellcasting   | |  2.5
Hexes          | |  0.7

Action                     |  1- 3 |  4- 6 |  7- 9 || total
---------------------------+-------+-------+-------++-------
  Melee: Unarmed           |     2 |       |       ||     2
         Dagger            |    12 |    44 |       ||    56
         Spear             |       |     6 |    18 ||    24
         Punch             |       |       |     1 ||     1
  Throw: Dart              |       |     6 |       ||     6
   Cast: Summon Small Mamm |    44 |    15 |     5 ||    64
         Call Imp          |    17 |    21 |     4 ||    42
         Call Canine Famil |     1 |    23 |     3 ||    27
    Use: Potion            |     1 |       |     2 ||     3
   Stab: Distracted        |       |     1 |       ||     1
 Armour: Robe              |     3 |     6 |     3 ||    12
  Dodge: Dodged            |     7 |    27 |    15 ||    49

Table legend: (Time is in decaauts)
 A = Elapsed time spent in this place.
 B = Non-inter-level travel time spent in this place.
 C = Inter-level travel time spent in this place.
 D = Time resting spent in this place.
 E = Time spent auto-exploring this place.
 F = Levels seen in this place.
 G = Mean time per level.
                   A        B        C        D        E       F      G
               +--------+--------+--------+--------+--------+-----+--------+
         Total |   4988 |   4824 |    164 |    291 |   3540 |   4 | 1247.0 |
       Dungeon |   4988 |   4824 |    164 |    291 |   3540 |   4 | 1247.0 |
               +--------+--------+--------+--------+--------+-----+--------+

Top non-repeatable levels by time:
     D:2: 1661 daAuts
     D:1: 1460 daAuts
     D:3: 1388 daAuts
     D:4: 478 daAuts
